 Dungeon Crawl Stone Soup version 0.24-a0-307-gf989941 (webtiles) character file.

Game seed: 9205852487583285254

128 Espgualade the Chiller (level 5, -3/28 HPs)
             Began as a Tengu Ice Elementalist on May 13, 2019.
             Was a Follower of Vehumet.
             Slain by a water moccasin zombie (4 damage)
             ... on level 4 of the Dungeon.
             The game lasted 00:07:11 (2232 turns).

Espgualade the Chiller (Tengu Ice Elementalist)     Turns: 2232, Time: 00:07:11

Health: -3/28      AC:  3    Str:  8    XL:     5   Next: 12%
Magic:  9/9        EV: 17    Int: 16    God:    Vehumet [*.....]
Gold:   177        SH:  0    Dex: 15    Spells: 2/8 levels left

rFire    . . .     SeeInvis .   d - +1 dagger
rCold    . . .     Gourm    .   (no shield)
rNeg     . . .     Faith    .   a - +0 robe
rPois    .         Spirit   .   (helmet restricted)
rElec    .         Reflect  .   (no cloak)
rCorr    .         Harm     .   f - +0 pair of gloves
MR       .....                  (boots unavailable)
Stlth    ++........             (no amulet)
HPRegen  0.09/turn              (no ring)
MPRegen  0.11/turn              (no ring)

@: flying quickly and evasively, quick
A: beak, talons 3, able to fly
a: Fly, Renounce Religion


You were on level 4 of the Dungeon.
You worshipped Vehumet.
Vehumet was aware of your devotion.
You were very hungry.

You visited 1 branch of the dungeon, and saw 4 of its levels.

You collected 177 gold pieces.

Inventory:

Hand Weapons
 d - a +1 dagger (weapon)
Armour
 a - a +0 robe (worn)
 f - a +0 pair of gloves (worn)
Jewellery
 n - an uncursed ring of magical power {unknown}
Scrolls
 g - a scroll of remove curse
 h - a scroll of magic mapping
 j - a scroll of teleportation
 k - 2 scrolls of identify
 m - a scroll of fear
Potions
 b - a potion of degeneration
 e - a potion of mutation
 i - a potion of heal wounds {unknown}
Comestibles
 c - a ration


   Skills:
 + Level 4.0 Dodging
 - Level 2.0 Stealth
 - Level 2.0 Spellcasting
 - Level 1.3 Conjurations
 - Level 4.2 Ice Magic


You had 2 spell levels left.
You knew the following spells:

 Your Spells              Type           Power        Failure   Level  Hunger
a - Freeze                Ice            ###.         3%          1    #......
b - Throw Frost           Conj/Ice       ##....       10%         2    ###....
c - Ozocubu's Armour      Chrm/Ice       #.......     26%         3    ###....

Your spell library contained the following spells:

 Spells                   Type           Power        Failure   Level  Hunger
 Flame Tongue             Conj/Fire      #....        16%         1    #......
 Throw Icicle             Conj/Ice       ##......     54%         4    #####..
 Summon Ice Beast         Ice/Summ       #.......     65%         4    #####..


Dungeon Overview and Level Annotations

Branches:
Dungeon (4/15)
 Temple: D:4-7

Altars:
Elyvilon
Vehumet

Annotations:
D:3 1 runed translucent door, Crazy Yiuf, Grinder


Innate Abilities, Weirdness & Mutations

You have a beak for a mouth.
You have claws for feet.
You can fly continuously.


Message History

27 sling bullets; 4 boomerangs You hit the water moccasin zombie.
Your kick misses the water moccasin zombie.
You peck the water moccasin zombie.
The water moccasin zombie is moderately damaged.
The water moccasin zombie bites you!
You barely miss the water moccasin zombie.
The water moccasin zombie is moderately damaged.
The water moccasin zombie bites you.
You hit the water moccasin zombie but do no damage.
You claw the water moccasin zombie.
The water moccasin zombie is moderately damaged.
The water moccasin zombie bites you.
* * * LOW HITPOINT WARNING * * *
It was a potion of flight.
You feel very buoyant.
You swoop lightly up into the air.
The water moccasin zombie bites you!
* * * LOW HITPOINT WARNING * * *
The water moccasin zombie bites you.
You die...

#.......#.......#.<.
#.......#.......#...
#.......#.....).#... ...
#.......'.......#... ...
#.......##......##.. ....
#.......##########..
.....##..................
......##..Z...............
.........@................
..........................
..8...........##......##..
..8...##......############
P.P...##..(..........
.....................
.....................
.....................
.....................


You could see a water moccasin zombie.

Vanquished Creatures
  Terence (D:3)
  3 adders
  An adder zombie (D:4)
  An adder skeleton (D:4)
  A worm (D:2)
  A dart slug (D:1)
  A leopard gecko (D:1)
  6 orcs
  7 bats
  2 giant cockroaches
  4 hobgoblins
  3 jackals (D:1)
  7 kobolds
  A quokka (D:3)
  2 ball pythons
  5 frilled lizards
  7 goblins
  A leopard gecko skeleton (D:3)
  6 rats
60 creatures vanquished.

Notes
Turn   | Place    | Note
-------+----------+-------------------------------------------
     0 | D:1      | Espgualade the Tengu Ice Elementalist began the quest for
                  | the Orb.
     0 | D:1      | Reached XP level 1. HP: 10/10 MP: 4/4
   104 | D:1      | Reached XP level 2. HP: 10/15 MP: 1/6
   510 | D:1      | Reached XP level 3. HP: 19/19 MP: 7/7
   819 | D:1      | Learned a level 2 spell: Throw Frost
   823 | D:1      | Learned a level 3 spell: Ozocubu's Armour
   926 | D:2      | Found a radiant altar of Vehumet.
   952 | D:2      | Became a worshipper of Vehumet
  1637 | D:3      | Found a runed translucent door.
  1638 | D:3      | Noticed Crazy Yiuf
  1678 | D:3      | Found a white marble altar of Elyvilon.
  1705 | D:3      | Noticed Terence
  1718 | D:3      | Reached XP level 4. HP: 19/24 MP: 4/8
  1762 | D:3      | Killed Terence
  1790 | D:3      | Reached * piety under Vehumet
  1790 | D:3      | Offered knowledge of Flame Tongue by Vehumet.
  1964 | D:3      | Noticed Grinder
  2083 | D:3      | Gained mutation: You can fly continuously. [Tengu growth]
  2083 | D:3      | Reached XP level 5. HP: 28/28 MP: 9/9
  2232 | D:4      | HP: 1/28 [water moccasin zombie (7)]
  2232 | D:4      | Slain by a water moccasin zombie

Levels and vault maps discovered:
D:1:      shiori_arrival_maze, layout_basic
D:2:      layout_loops_ring, lemuel_round_altar
D:3:      layout_loops_cross, makhleb_altar_promises_db, elyvilon_altar_1,
          first_ration, uniq_crazy_yiuf_cottage, uniq_terence, uniq_grinder
D:4:      layout_gridville, overflow_temple_1_default,
          nemelex_xobeh_ov_fountains_minmay, serial_undead, serial_undead_b,
          serial_undead_a, serial_undead_e, serial_undead_c, serial_undead_d

Skill      XL: |  1  2  3  4  5 |
---------------+----------------+-----
Ice Magic      | 3 4 |  4.2
Dodging        | 3 4 |  4.0
Stealth        | |  2.0
Spellcasting   | |  2.0
Conjurations   | |  1.3

Action                   |  1- 3 |  4- 6 || total
-------------------------+-------+-------++-------
Melee: Dagger            |    75 |    65 ||   140
       Kick              |    20 |     7 ||    27
       Peck              |     9 |     5 ||    14
 Cast: Freeze            |    18 |    20 ||    38
       Ozocubu's Armour  |       |     1 ||     1
  Use: Scroll            |    10 |     1 ||    11
       Potion            |     1 |     2 ||     3
 Stab: Sleeping          |     9 |     2 ||    11
  Eat: Chunk             |     3 |     1 ||     4
Armor: Robe              |     7 |     3 ||    10
       Skin              |       |    25 ||    25
Dodge: Dodged            |    59 |    22 ||    81

Table legend:
 A = Non-vault XP
 B = Vault XP
 C = Vault XP percentage of total XP
 D = Non-vault monster count
 E = Vault monster count
 F = Vault count percentage of total count
                 A         B        C        D         E       F
            +---------+---------+-------+---------+---------+-------
      Total |     137 |      47 |  25.5 |      55 |       5 |   8.3
            +---------+---------+-------+---------+---------+-------
        D:1 |      34 |       4 |  10.5 |      17 |       2 |  10.5
        D:2 |      40 |       0 |   0.0 |      18 |       0 |   0.0
        D:3 |      60 |      32 |  34.8 |      19 |       1 |   5.0
        D:4 |       3 |      11 |  78.6 |       1 |       2 |  66.7
            +---------+---------+-------+---------+---------+-------
